 Dungeon Crawl Stone Soup version 0.23.2-1-ga50397a (webtiles) character file.

Game seed: 9822344811825184726

660 MalarOregon the Spear-Bearer (level 7, 0/55 HPs)
             Began as a Merfolk Gladiator on May 17, 2019.
             Slain by Sigmund
             ... wielding a +0 scythe
              (9 damage)
             ... on level 5 of the Dungeon.
             The game lasted 00:08:03 (4608 turns).

MalarOregon the Spear-Bearer (Merfolk Gladiator)    Turns: 4608, Time: 00:08:03

Health: 0/55       AC:  5    Str: 16    XL:     7   Next: 56%
Magic:  7/7        EV: 14    Int:  8    God:
Gold:   201        SH:  5    Dex: 15    Spells: 6/6 levels left

rFire    . . .     SeeInvis .   a - +0 trident
rCold    . . .     Gourm    .   s - +0 buckler
rNeg     . . .     Faith    .   b - +0 leather armour
rPois    .         Spirit   .   c - +0 helmet
rElec    .         Reflect  .   (no cloak)
rCorr    .         Harm     .   (no gloves)
MR       .....                  x - +0 pair of boots
Stlth    +.........             (no amulet)
HPRegen  0.18/turn              (no ring)
MPRegen  0.10/turn              (no ring)

@: no status effects
A: change form in water, swift swim, stealthy swim
a: no special abilities


You were on level 5 of the Dungeon.
You were not hungry.

You visited 1 branch of the dungeon, and saw 5 of its levels.

You collected 201 gold pieces.

Inventory:

Hand Weapons
 a - a +0 trident (weapon)
Missiles
 d - 2 throwing nets (quivered) {!f}
Armour
 b - a +0 leather armour (worn)
 c - a +0 helmet (worn)
 s - a +0 buckler (worn)
   (You found it on level 3 of the Dungeon)
 w - a +0 shield
   (You found it on level 3 of the Dungeon)
 x - a +0 pair of boots (worn)
   (You found it on level 4 of the Dungeon)
Jewellery
 B - an uncursed ring of positive energy {unknown}
   (You found it on level 4 of the Dungeon)
Wands
 t - a wand of flame (14)
   (You took it off Blork the orc on level 4 of the Dungeon)
 u - a wand of scattershot (9)
   (You found it on level 3 of the Dungeon)
Scrolls
 i - 2 scrolls of enchant armour {unknown}
 k - 3 scrolls of amnesia {unknown}
 m - 3 scrolls of remove curse {unknown}
 n - 5 scrolls of identify {unknown}
 q - a scroll of enchant weapon {unknown}
 v - a scroll of fear {unknown}
 y - 3 scrolls of teleportation {unknown}
 A - a scroll of fog {unknown}
Potions
 f - 3 potions of agility {unknown}
 g - a potion of berserk rage {unknown}
 h - a potion of flight {unknown}
 j - 2 potions of curing {@q1}
 l - a potion of mutation {unknown}
 o - a potion of resistance {unknown}
 p - a potion of heal wounds {unknown}
 r - a potion of invisibility {unknown}
 z - 2 potions of brilliance {unknown}
Comestibles
 e - 9 rations {!d}


   Skills:
 + Level 4.7 Fighting
 * Level 9.3 Polearms
 - Level 2.0 Throwing
 - Level 4.0 Dodging
 * Level 3.6 Shields


You had 6 spell levels left.
You didn't know any spells.
Your spell library was empty.

Dungeon Overview and Level Annotations

Branches:
Dungeon (5/15)
 Temple: D:4-7

Altars:
Ru
Xom

Annotations:
D:4 1 runed translucent door, Crazy Yiuf
D:5 Menkaure, Sigmund


Message History

Sigmund casts a spell.
Sigmund flickers and vanishes!
Deactivating autopickup; reactivate with Ctrl-A.
You bump into the rock wall.
Something hits you!
You bump into the rock wall.
Unknown command.
You bump into the rock wall.
Something hits you.
You bump into the rock wall.
You hear some strange, mumbled words.
A puff of flame appears from out of thin air!
The puff of flame hits you!
* * * LOW HITPOINT WARNING * * *
Unknown command.
Unknown command.
Something hits you but does no damage.
Unknown command.
Unknown command.
You bump into the rock wall.
You feel less confused. Something barely misses you.
Unknown command.
You hear some strange, mumbled words.
You are confused.
You see here a leather armour.
Something hits you.
* * * LOW HITPOINT WARNING * * *
Something hits you!
* * * LOW HITPOINT WARNING * * *
You see here a leather armour.
You're too confused to move!
Unknown command.
Unknown command.
Something hits you but does no damage.
You see here a leather armour.
You're too confused to move!
You feel less confused. Something hits you.
* * * LOW HITPOINT WARNING * * *
Something hits you!
* * * LOW HITPOINT WARNING * * *
You see here a leather armour.
It was a potion of curing.
You feel better.
A magic dart appears from out of thin air!
The magic dart hits you.
* * * LOW HITPOINT WARNING * * *
Okay, then.
Something hits you!
You die...

#.# #.# #.# #.# #
#.#######.###### #.#.
#..............#
##....#####......#######..
............###### ###
#########[.## #..# #@.#
#..# #..# #############
#..# #...........# #..#
#.#########.# #..# #.# #.#
#..# #.# #.###<## #.#
##.##)).##


There were no monsters in sight!

Vanquished Creatures
  Grinder (D:4)
  A phantom (D:4)
  A centaur (D:5)
  Blork the orc (D:4)
  An orc wizard (D:4)
  2 worker ants (D:4)
  A worker ant zombie (D:5)
  Robin (D:4)
  An adder (D:2)
  An ooze (D:1)
  An adder skeleton (D:4)
  4 worms
  A dart slug (D:1)
  2 leopard geckos
  6 orcs
  A ball python (D:1)
  8 bats
  4 giant cockroaches
  11 goblins
  14 hobgoblins
  12 jackals
  8 kobolds
  2 quokkas
  13 frilled lizards
  8 rats
  2 fungi (D:4)
108 creatures vanquished.

Notes
Turn   | Place    | Note
-------+----------+-------------------------------------------
     0 | D:1      | MalarOregon the Merfolk Gladiator began the quest for the
                  | Orb.
     0 | D:1      | Reached XP level 1. HP: 16/16 MP: 1/1
   174 | D:1      | Reached XP level 2. HP: 11/23 MP: 2/2
   182 | D:1      | Reached skill level 5 in Polearms
   580 | D:1      | Reached XP level 3. HP: 28/28 MP: 3/3
  1014 | D:2      | Reached skill level 6 in Polearms
  1237 | D:2      | Reached XP level 4. HP: 35/35 MP: 4/4
  1352 | D:2      | Found a faded altar of an unknown god.
  1727 | D:2      | You fall through a shaft!
  2386 | D:3      | Reached skill level 7 in Polearms
  2415 | D:3      | Reached XP level 5. HP: 41/41 MP: 5/5
  2805 | D:4      | Noticed Blork the orc
  2820 | D:4      | Killed Blork the orc
  2820 | D:4      | Reached skill level 1 in Shields
  3096 | D:4      | Found a sacrificial altar of Ru.
  3147 | D:4      | Noticed Robin
  3171 | D:4      | Killed Robin
  3171 | D:4      | Reached XP level 6. HP: 29/48 MP: 6/6
  3172 | D:4      | Noticed a phantom
  3226 | D:4      | Killed a phantom
  3226 | D:4      | Reached skill level 8 in Polearms
  3447 | D:4      | Noticed Grinder
  3519 | D:4      | Killed Grinder
  3519 | D:4      | Reached XP level 7. HP: 45/55 MP: 7/7
  4172 | D:4      | Found a runed translucent door.
  4173 | D:4      | Noticed Crazy Yiuf
  4206 | D:5      | Entered Level 5 of the Dungeon
  4226 | D:4      | Reached skill level 9 in Polearms
  4360 | D:5      | Found a shimmering altar of Xom.
  4360 | D:5      | Noticed Menkaure
  4579 | D:5      | Noticed Sigmund
  4608 | D:5      | Slain by Sigmund

Skill      XL: |  1  2  3  4  5  6  7 |
---------------+----------------------+-----
Polearms       | 5 6 7 8 9 |  9.3
Fighting       | 3 4 |  4.7
Shields        | 1 3 |  3.6
Throwing       | |  2.0
Dodging        | |  4.0

Action                   |  1- 3 |  4- 6 |  7- 9 || total
-------------------------+-------+-------+-------++-------
Melee: Trident           |   156 |   237 |    70 ||   463
Throw: Throwing net      |       |     3 |       ||     3
  Use: Potion            |       |       |     1 ||     1
 Stab: Sleeping          |     3 |     4 |       ||     7
       Held in net/web   |       |     1 |       ||     1
  Eat: Chunk             |     1 |     7 |     1 ||     9
       Ration            |       |       |     1 ||     1
Armor: Leather armour    |    45 |    36 |    12 ||    93
Dodge: Dodged            |   124 |    92 |    21 ||   237
Block: Buckler           |       |    22 |     5 ||    27
